 Zot Defence DCSS version 0.15.2 (webtiles) character file.

2214 blackwizard the Cudgeler (level 9, -1/85 HPs)
             Began as a Troll Warper on May 28, 2017.
             Killed by the air
             ... invoked by Gastronok
              (26 damage)
             ... in the Realm of Zot (Scenario II: Battle Heart).
             The game lasted 00:06:26 (1016 turns).

blackwizard the Cudgeler (Troll Warper)             Turns: 1016, Time: 00:06:26

HP  -1/85        AC  5     Str 24      XL: 9   Next: 13%
MP   0/11        EV 11     Int  9      God:
Gold 0           SH  0     Dex  9      Spells:  2 memorised,  9 levels left

rFire  . . .     SeeInvis .     l - +0 giant spiked club
rCold  . . .     Clarity  .     b - +0 robe
rNeg   . . .     rCorr    .     (shield restricted)
rPois  .         rRot     .     (helmet restricted)
rElec  .         Spirit   .     (no cloak)
SustAb .         Warding  .     (gloves unavailable)
rMut   .         Stasis   .     (boots unavailable)
Gourm  +                        (no amulet)
MR     .....                    (no ring)
                                (no ring)

@: not resistant to hostile enchantments, very unstealthy
A: unfitting armour, claws 3, fast metabolism 3, gourmand, regeneration 2,
saprovore 2, shaggy fur 1, tough skin 2
a: Make oklob sapling, Make arrow trap, Make plant, Remove Curse, Make burning
bush, Make altar, Make grenades, Make oklob plant, Make net trap, Make ice
statue


You were in the Realm of Zot.
You were not hungry.

You visited 1 branch

Inventory:

Hand weapons
 a - a +0 hand axe
 l - a +0 giant spiked club (weapon)
 m - a +0 falchion
Missiles
 e - 5 tomahawks of dispersal (quivered)
Armour
 b - a +0 robe (worn)
Magical devices
 n - a wand of confusion (10) {unknown}
Comestibles
 g - 2 meat rations
Scrolls
 d - 2 scrolls of blinking
Potions
 f - 3 potions of curing
 h - a potion of heal wounds
 i - a potion of haste
 j - 2 potions of magic
 k - a potion of berserk rage
Books
 c - a book of Spatial Translocations

   Spells                             Type                      Level
   *Apportation                       Translocation                1
   Blink                              Translocation                2
   Shroud of Golubria                 Charms/Translocation         2
   *Portal Projectile                 Translocation                3
   Teleport Other                     Translocation                3
   Passage of Golubria                Translocation                4


   Skills:
 + Level 4.7 Fighting
 + Level 3.0(4.6) Axes
 + Level 5.8(6.2) Maces & Flails
 + Level 0.8 Throwing
 + Level 4.2 Dodging
 + Level 2.7 Spellcasting
 + Level 4.4 Translocations


You had 9 spell levels left.
You knew the following spells:

 Your Spells              Type           Power        Failure   Level  Hunger
a - Apportation           Tloc           #.........   6%          1    ##.....
b - Portal Projectile     Tloc           #.....       17%         3    ####...


Dungeon Overview and Level Annotations

Branches:
    Zot (1/1)

Altars:

Annotations:
Zot Gastronok


Innate Abilities, Weirdness & Mutations

You are too large for most types of armour.
You have claws for hands.
Your metabolism is lightning-fast.
You like to eat raw meat.
You heal very quickly.
You can eat rotten meat.
You are covered in fur (AC +1).
You have very tough skin (AC +2).


Message History

You miss the bat. Gastronok gurgles, "Are you a wizard?
Wizards taste nice..."
The quokka twitches its whiskers.
You miss the bat.
The jackal pauses to sniff the ground.
Gastronok waves his eye-stalks in wide circles.
The air twists around and strikes you!
* * * LOW HITPOINT WARNING * * *
A hobgoblin comes into view. It is wielding a club.
The orc wizard gestures wildly while chanting.
The orc wizard blinks!
Casting: Portal Projectile
Confirm with . or Enter, or press ? or * to list all spells.
You begin teleporting projectiles to their destination.
You are no longer teleporting projectiles to their destination.
You hit the bat.
You kill the bat!
Gastronok waves his eye-stalks in wide circles.
The air twists around and strikes you!
You die...

...............#.................
..................###............
.................## ##...........
.................# #####......#
.................# ########
.................#
.......#...wr...##
......###hhrYrg########## ....###
###rKbro@.......####### #####
#######.............#
#########▓▓...▓▓ ▓▓.....▓▓
▓▓▓.......▓ ▓▓▓..........
▓▓▓............ ##
####▓▓.............. ▓▓▓▓▓▓▓
▓▓▓▓▓▓▓▓▓▓...............


You could see Gastronok, a sheep, an orc wizard, 2 quokkas, 2 jackals, a
hobgoblin, a bat, a kobold and 3 rats.

Vanquished Creatures
  A slime creature (Zot)
  Prince Ribbit (Zot)
  2 ogres (Zot)
  A big kobold (Zot)
  A gnoll shaman (Zot)
  2 iguanas (Zot)
  A sheep (Zot)
  Terence (Zot)
  5 adders (Zot)
  A gnoll (Zot)
  4 giant mites (Zot)
  4 green rats (Zot)
  2 worms (Zot)
  A giant gecko (Zot)
  16 oozes (Zot)
  2 orcs (Zot)
  A ball python (Zot)
  12 goblins (Zot)
  10 hobgoblins (Zot)
  2 jackals (Zot)
  6 kobolds (Zot)
  7 quokkas (Zot)
  12 bats (Zot)
  A giant cockroach (Zot)
  9 rats (Zot)
105 creatures vanquished.

Notes
Turn   | Place    | Note
--------------------------------------------------------------
     0 | Zot      | blackwizard, the Troll Warper, began the quest for the Orb.
     0 | Zot      | Reached XP level 1. HP: 19/19 MP: 2/2
   202 | Zot      | Reached XP level 2. HP: 28/28 MP: 2/2
   229 | Zot      | Noticed Peoreu
   269 | Zot      | Killed Peoreu the ogre
   269 | Zot      | Reached skill level 3 in Translocations
   269 | Zot      | Reached XP level 3. HP: 35/35 MP: 3/5
   269 | Zot      | Reached XP level 4. HP: 42/42 MP: 3/5
   269 | Zot      | Reached XP level 5. HP: 49/49 MP: 3/6
   380 | Zot      | Reached XP level 6. HP: 57/57 MP: 7/7
   403 | Zot      | Noticed Boklufick
   423 | Zot      | Killed Boklufick the slime creature
   423 | Zot      | Reached XP level 7. HP: 62/67 MP: 8/8
   604 | Zot      | Learned a level 3 spell: Portal Projectile
   608 | Zot      | Noticed Prince Ribbit
   633 | Zot      | Reached XP level 8. HP: 78/78 MP: 8/8
   754 | Zot      | Reached skill level 4 in Fighting
   821 | Zot      | Noticed Terence
   834 | Zot      | Killed Terence
   874 | Zot      | Killed Prince Ribbit
   874 | Zot      | Reached skill level 5 in Maces & Flails
   939 | Zot      | Reached XP level 9. HP: 85/85 MP: 2/11
   955 | Zot      | Noticed Gastronok
  1016 | Zot      | Killed from afar by Gastronok

Action                   |  1- 3 |  4- 6 |  7- 9 || total
-------------------------+-------+-------+-------++-------
Melee: Hand axe          |    44 |       |       ||    44
       Giant spiked club |       |    92 |   285 ||   377
 Cast: Portal Projectile |       |       |    16 ||    16
